 Dungeon Crawl Stone Soup version 0.31-a0-977-gc230f8ef24 (webtiles) character file.

Game seed: 12254637030711260125

13904 olourkin the Basher (level 11, -6/95 HPs)
             Began as an Armataur Warper on Oct 30, 2023.
             Was an Initiate of Yredelemnul.
             Mangled by a tengu warrior
             ... wielding a +4 long sword of distortion
              (25 damage)
             ... on level 10 of the Dungeon.
             The game lasted 01:09:13 (13581 turns).

olourkin the Basher (Armataur Warper)              Turns: 13581, Time: 01:09:14

Health: -6/95      AC: 19    Str: 24    XL:     11   Next: 81%
Magic:  13/13      EV:  9    Int: 17    God:    Yredelemnul [......]
Gold:   1243       SH:  4    Dex:  9    Spells: 11/13 levels left

rFire   . . .        x - +1 whip (elec)
rCold   + . .        y - +0 buckler
rNeg    . . .        I - +6 ring mail "Ynlu" {Will+}
rPois   +            (no helmet)
rElec   .            D - +2 cloak {rPois}
rCorr   .            Q - +1 pair of gloves
SInv    .            (no barding)
Will    +....        (no amulet) Stlth
                     N - +6 ring of strength
HPRegen 0.35/turn    C - ring of protection from cold
MPRegen 0.13/turn

%: roll
@: no status effects
A: large, rugged brown scales 3, deformed body, armoured tail, roll, long
tongue, awkward tongue
a: Renounce Religion, Recall Undead Harvest


You were on level 10 of the Dungeon.
You worshipped Yredelemnul.
Yredelemnul was noncommittal.
You visited 1 branch of the dungeon, and saw 10 of its levels.
You also visited: Bailey.

You collected 1378 gold pieces.
You spent 135 gold pieces at shops.

Inventory:

Hand Weapons
 p - a +2 mace of protection
 x - a +1 whip of electrocution (weapon)
 K - a +0 spectral quarterstaff
 O - a +4 mace of freezing
 U - the +5 short sword of Pepp {flame, Str+2 Int+6}
   (You took it off an orc wizard on level 10 of the Dungeon)

   Str+2:     It affects your strength (+2).
   Int+6:     It affects your intelligence (+6).
Missiles
 b - 17 boomerangs
 d - 7 darts of dispersal
 g - 100 stones (quivered)
 j - 3 javelins
 s - 23 poisoned darts
 u - 4 datura-tipped darts
 L - 4 throwing nets
Armour
 y - a +0 buckler (worn)
 D - a +2 cloak of poison resistance (worn)
 E - a scarf of resistance
 I - the +6 ring mail "Ynlu" (worn) {Will+}
   (You found it on level 5 of the Dungeon)

   Will+:     It increases your willpower.
 Q - a +1 pair of gloves (worn)
Magical Staves
 R - a staff of fire
Jewellery
 l - a ring of ice
 C - a ring of protection from cold (right hand)
 N - a +6 ring of strength (left hand)
 T - a ring of flight
 V - a ring of poison resistance
Talismans
 n - a flux talisman
Wands
 i - a wand of paralysis (14)
 B - a wand of polymorph (5)
 M - a wand of flame (42)
Scrolls
 f - a scroll of torment {unknown}
 h - a scroll of immolation {unknown}
 m - 5 scrolls of identify
 q - a scroll of acquirement {unknown}
 w - 3 scrolls of fog
 z - a scroll of butterflies {unknown}
 G - a scroll of revelation {unknown}
 H - 3 scrolls of noise {!r}
 J - a scroll of fear {unknown}
Potions
 a - 2 potions of attraction {unknown}
 e - a potion of heal wounds {unknown}
 k - a potion of curing
 o - a potion of might {unknown}
 r - a potion of haste {unknown}
 t - a potion of degeneration {unknown}
 v - 4 potions of magic
 A - 2 potions of ambrosia {!e}
 F - 7 potions of enlightenment
 P - a potion of invisibility {unknown}
 S - a potion of mutation {unknown}


   Skills:
 + Level 5.8 Fighting
 - Level 12.5 Maces & Flails
 - Level 0.8 Throwing
 - Level 10.8 Armour
 + Level 3.6 Dodging
 - Level 2.1 Shields
 - Level 1.7 Spellcasting
 + Level 7.4 Translocations


You had 11 spell levels left.
You knew the following spells:

 Your Spells              Type           Power      Damage    Failure   Level
b - Blink                 Tloc           52%        N/A       2%          2

Your spell library contained the following spells:

 Spells                   Type           Power      Damage    Failure   Level
 Lesser Beckoning         Tloc           52%        N/A       2%          2
 Gell's Gravitas          Tloc           26%        N/A       4%          3
 Teleport Other           Tloc           26%        N/A       4%          3
 Manifold Assault         Tloc           26%        N/A       16%         4
 Slow                     Hex            4%         N/A       34%         1
 Dimensional Bullseye     Hex/Tloc       7%         N/A       58%         4
 Vhi's Electric Charge    Tloc/Air       28%        N/A       58%         4
 Call Canine Familiar     Summ           1%         N/A       71%         3
 Confusing Touch          Hex            1%         N/A       71%         3
 Frozen Ramparts          Ice            2%         1d1       71%         3
 Sigil of Binding         Hex            1%         N/A       71%         3
 Vampiric Draining        Necr           1%         2d6       71%         3
 Dispersal                Tloc           13%        N/A       94%         6
 Leda's Liquefaction      Hex/Erth       0%         N/A       98%         4
 Petrify                  Tmut/Erth      1%         N/A       98%         4
 Metabolic Englaciation   Hex/Ice        0%         N/A       100%        5


Dungeon Overview and Level Annotations

Branches:
Dungeon (10/15)            Temple (0/1) D:6            Lair (0/5) D:8
    Orc (0/2) D:9          Bailey (visited)

Altars:
Cheibriados
Dithmenos
Gozag
Nemelex Xobeh
Qazlal
Sif Muna
Xom
Yredelemnul

Shops:
D:2 (   D:4 *   D:5 (

Annotations:
D:3 Pikel
D:4 1 runed translucent door, Crazy Yiuf


Innate Abilities, Weirdness & Mutations

You are completely covered in rugged brown scales. (AC +3, +7% HP)
Armour fits poorly on your strangely shaped body.
You have a long armoured tail.
You roll when moving toward enemies. (Rampage)
Your long tongue fully drains potion bottles. (2x potion effects)
Your tongue gives you trouble enunciating. (1.5x scroll delay)


Message History

The deep elf pyromancer hits your wyvern zombie with a +0 long sword.
Your wyvern zombie bites the deep elf pyromancer!
A shadow comes into view.
Your surroundings suddenly seem different.
The tengu warrior shouts!
Your wyvern zombie bites the deep elf pyromancer. x2
The deep elf pyromancer hits your wyvern zombie with a +0 long sword.
Your wyvern zombie barely misses the deep elf pyromancer.
The deep elf pyromancer hits your wyvern zombie with a +0 long sword!
Your wyvern zombie bites the deep elf pyromancer.
The tengu warrior attacks as it pursues you!
You block the tengu warrior's attack.
The tengu warrior goes berserk!
The tengu warrior pecks you but does no damage.
The tengu warrior claws you but does no damage.
The tengu warrior rages.
The tengu warrior attacks as it pursues you!
The tengu warrior hits you but does no damage.
Space warps around you.
* * * LOW HITPOINT WARNING * * *
The tengu warrior closely misses you. The tengu warrior barely misses you.
You block the tengu warrior's attack.
The tengu warrior pecks you but does no damage.
The tengu warrior claws you but does no damage.
Okay, then.
Okay, then.
Okay, then.
The shadow slips into darkness.
The shadow flickers and vanishes!
Deactivating autopickup; reactivate with Ctrl-A.
The tengu warrior attacks as it pursues you!
The tengu warrior closely misses you. The tengu warrior barely misses you.
You block the tengu warrior's attack.
You see here a +0 ring mail.
Okay, then.
Okay, then.
Okay, then.
You miss the tengu warrior.
The tengu warrior hits you with a +4 long sword of distortion!!
You die...
Your body rises from the dead as a mindless zombie.

### #.........##.###
.....####.........##.#e#
.#.#..............#...ZZ
....................##☼⌠
.#.#.#.......#....#.#!.Z
......#............#.##.#
.#.#.#.......{.#.<..#....#
..............Z..#...####))
#.#.#.#...@Q.......#.# ##.
................#.....#
#.J.
..#......#....##.#....#
.K..
.....^......####.#...#§.5#.
##.........## #....#..##.
##.........## ##....)....#
##.........## ##.....#. #.
###.>........## ##.§##..#
##....###.....# ##..####K#
.


You could see a tengu warrior (berserk) and a friendly wyvern zombie.

Vanquished Creatures
  Harold (D:10)
  A hydra (D:10)
  A centaur warrior (D:10)
  A two-headed ogre (D:10)
  An orc knight (Bailey)
  A rime drake (D:8)
  2 kobold demonologists
  A troll (D:10)
  5 wyverns
  13 yaks
  A redback (shapeshifter) (D:10)
  An acid dragon (D:10)
  3 water moccasins
  3 sky beasts (D:8)
  9 orc warriors
  8 ice beasts (D:8)
  A boggart (D:10)
  An ogre (D:5)
  3 wolves (D:8)
  4 lemures (D:4)
  10 centaurs
  Blork the orc (D:6)
  A phantom (D:6)
  4 scorpions
  4 bullfrogs
  12 wights
  6 killer bees
  2 howler monkeys
  3 jellies
  2 gnoll boudas
  3 hounds
  An iron imp (D:6)
  5 orc priests
  A sleepcap (D:6)
  10 orc wizards
  11 gnolls
  8 adders
  A shadow imp (D:7)
  3 dart slugs
  21 orcs
  9 ball pythons
  7 bats
  10 endoplasms
  3 giant cockroaches
  12 goblins
  8 hobgoblins
  12 jackals
  2 quokkas (D:2)
  5 frilled lizards
  16 kobolds
  8 rats
  A butterfly (D:6)
263 creatures vanquished.

Vanquished Creatures (collateral kills)
  An orc knight (D:10)
  Sigmund (D:4)
  A wyvern (D:10)
  An orc warrior (D:9)
  A phantom (D:6)
  A bullfrog (D:7)
  A scorpion (D:4)
  2 killer bees (D:9)
  A gnoll bouda (D:9)
  An orc priest (D:6)
  An iguana (D:5)
  An orc wizard (D:9)
  2 adders
  2 gnolls
  4 orcs
  A giant cockroach (D:4)
  A goblin (Bailey)
  2 ball pythons (D:4)
  2 kobolds (Bailey)
27 creatures vanquished.

Vanquished Creatures (others)
  A wyvern zombie (D:10)
  A water moccasin zombie (D:4)
  A yak zombie (D:10)
  2 centaur zombies (D:9)
  A bullfrog zombie (D:8)
  A boggart zombie (D:10)
  A scorpion zombie (D:6)
  6 killer bee zombies
  A centaur simulacrum (D:10)
  An ice beast zombie (D:8)
  A sky beast zombie (D:8)
  An adder zombie (D:4)
  An endoplasm zombie (D:4)
  4 gnoll zombies
  A goblin zombie (Bailey)
  2 hobgoblin zombies
  2 jackal zombies (D:4)
  5 kobold zombies
  12 orc zombies
45 creatures vanquished.

Grand Total: 335 creatures vanquished

Notes
Turn   | Place    | Note
-------+----------+-------------------------------------------
     0 | D:1      | olourkin the Armataur Warper began the quest for the Orb.
     0 | D:1      | Reached XP level 1. HP: 18/18 MP: 3/3
    31 | D:1      | Reached skill level 2 in Maces & Flails
   150 | D:1      | Reached XP level 2. HP: 25/25 MP: 4/4
   456 | D:1      | Learned a level 2 spell: Blink
   525 | D:1      | Reached XP level 3. HP: 31/31 MP: 5/5
   767 | D:1      | Reached skill level 3 in Maces & Flails
  1364 | D:2      | Reached XP level 4. HP: 37/38 MP: 6/6
  2026 | D:2      | Reached skill level 4 in Maces & Flails
  2028 | D:2      | Reached XP level 5. HP: 43/43 MP: 7/7
  2093 | D:2      | Found Plog's Weapon Shoppe.
  2614 | D:3      | Found a basalt altar of Yredelemnul.
  2688 | D:3      | Found a shadowy altar of Dithmenos.
  3041 | D:3      | Became a worshipper of Yredelemnul the Dark
  3324 | D:4      | Found a runed translucent door.
  3325 | D:4      | Noticed Crazy Yiuf
  3374 | D:4      | Noticed Pikel
  3377 | D:4      | Noticed a lemure
  3377 | D:4      | Noticed a lemure
  3377 | D:4      | Noticed a lemure
  3378 | D:4      | Noticed a lemure
  3386 | D:4      | Reached * piety under Yredelemnul
  3817 | D:4      | Reached skill level 1 in Shields
  3847 | D:4      | Noticed Sigmund
  4095 | D:4      | Found Cyruwku's Serpentskin Sales.
  4095 | D:4      | Noticed a water moccasin
  4116 | D:4      | Killed a water moccasin
  4117 | D:4      | Reached XP level 6. HP: 29/51 MP: 8/8
  4124 | D:4      | Reached skill level 5 in Maces & Flails
  4220 | D:4      | Bought a +1 cloak of poison resistance for 135 gold pieces
  4383 | D:4      | Reached ** piety under Yredelemnul
  4600 | D:4      | Killed Sigmund
  4601 | D:4      | Reached skill level 6 in Maces & Flails
  4601 | D:4      | Reached XP level 7. HP: 56/56 MP: 9/9
  4678 | D:5      | Entered Level 5 of the Dungeon
  4908 | D:5      | Reached skill level 7 in Maces & Flails
  4980 | D:5      | Identified the +6 ring mail "Ynlu" {Will+}
  5275 | D:5      | Found Osismyhy's Antique Weapon Boutique.
  5400 | D:5      | Reached XP level 8. HP: 58/64 MP: 10/10
  5835 | D:6      | Reached skill level 8 in Maces & Flails
  5854 | D:6      | Found a staircase to the Ecumenical Temple.
  6399 | D:6      | Reached skill level 5 in Armour
  6475 | D:6      | Found a shimmering altar of Xom.
  6658 | D:6      | Found a snail-covered altar of Cheibriados.
  7004 | D:6      | Noticed Blork the orc
  7018 | D:6      | Killed Blork the orc
  7019 | D:6      | Reached skill level 9 in Maces & Flails
  7335 | D:7      | Reached XP level 9. HP: 49/69 MP: 11/11
  7967 | D:7      | Found a sparkling altar of Nemelex Xobeh.
  8423 | D:8      | Found a staircase to the Lair.
  8423 | D:8      | Noticed a rime drake
  8438 | D:8      | Reached skill level 10 in Maces & Flails
  8694 | D:8      | Found a shimmering blue altar of Sif Muna.
  8752 | D:8      | Reached skill level 11 in Maces & Flails
  8752 | D:8      | Found a flagged portal.
  8779 | D:8      | Killed a rime drake
  8780 | D:8      | Reached XP level 10. HP: 56/78 MP: 12/12
  8909 | Bailey   | Entered a bailey
  9421 | Bailey   | Noticed an orc knight
  9725 | Bailey   | Killed an orc knight
  9726 | Bailey   | Reached skill level 12 in Maces & Flails
 10459 | D:9      | Found a stormy altar of Qazlal.
 10783 | D:9      | Reached skill level 10 in Armour
 11154 | D:9      | Found an opulent altar of Gozag.
 11355 | D:9      | Reached *** piety under Yredelemnul
 11385 | D:9      | Reached skill level 5 in Translocations
 11417 | D:9      | Reached XP level 11. HP: 33/87 MP: 13/13
 11638 | D:9      | Found a staircase to the Orcish Mines.
 11779 | D:10     | Entered Level 10 of the Dungeon
 11942 | D:10     | Noticed a two-headed ogre
 11960 | D:10     | Killed a two-headed ogre
 11971 | D:10     | Noticed a centaur warrior
 12006 | D:10     | Killed a centaur warrior
 12006 | D:10     | Noticed Harold
 12342 | D:10     | Killed Harold
 12548 | D:10     | Noticed a tengu warrior
 12599 | D:10     | Noticed a two-headed ogre
 12995 | D:10     | Reached skill level 5 in Fighting
 13123 | D:10     | Noticed an orc knight
 13149 | D:10     | Killed an orc knight
 13342 | D:10     | Identified the +5 short sword of Pepp {flame, Str+2 Int+6}
 13483 | D:10     | Noticed a six-headed hydra
 13505 | D:10     | Killed a six-headed hydra
 13562 | D:10     | Noticed a deep elf pyromancer
 13581 | D:10     | Mangled by a tengu warrior

Illustrated notes

Levels and vault maps discovered:
D:1:      psy_arrival_spokes, layout_basic, minmay_heptomino_l4
D:2:      minmay_skewed_foursquare, layout_basic, serial_shops,
          nicolae_lakefront_shop, hangedman_abyss_or_decor_stabs,
          kennysheep_generic_room_6
D:3:      layout_rooms, mainiacjoe_overflow_24_doors,
          mainiacjoe_overflow_alcove_1, minmay_diced_spiral
D:4:      layout_gridville, guppyfry_shop_venom, uniq_sigmund, uniq_pikel,
          uniq_crazy_yiuf_cottage
D:5:      layout_loops_ring, serial_shops, kennysheep_mini
D:6:      layout_basic, xom_butterflies, slow_altar_2,
          minmay_temple_entry_fiery, uniq_blork_the_orc
D:7:      layout_basic, mainiacjoe_overflow_six_doors_small
D:8:      layout_loops_ring, nicolae_sif_muna_condensation,
          hellmonk_lair_entry_icy, enter_bailey_2
D:9:      layout_irregular_city, lemuel_tele_altar,
          nicolae_qazlal_style_of_elements, david_orc_4,
          kennysheep_generic_room_8
D:10:     minmay_the_grid_3x3 [minmay_the_grid_armoury, minmay_the_grid_fan,
          minmay_the_grid_gridbox, minmay_the_grid_square_x,
          minmay_the_grid_large_cup, minmay_the_grid_embedded,
          minmay_the_grid_small_cups, minmay_the_grid_plusring,
          minmay_the_grid_prize_trominoes], layout_layer_cave, serial_glass,
          glass_columns_c, glass_columns_b, uniq_harold

Skill      XL: |  1  2  3  4  5  6  7  8  9 10 11 |
---------------+----------------------------------+-----
Maces & Flails | 2 3 4 6 7 9 11 12 | 12.5
Translocations | 4 5 7 |  7.4
Armour         | 2 5 8 10 | 10.8
Shields        | 1 2 |  2.1
Fighting       | 3 5 |  5.8
Dodging        | 3 |  3.6
Throwing       | |  0.8
Spellcasting   | |  1.7

Action                     |  1- 3 |  4- 6 |  7- 9 | 10-12 || total
---------------------------+-------+-------+-------+-------++-------
  Melee: Mace              |   150 |   116 |    95 |       ||   361
         Tailslap          |    13 |    14 |    41 |    86 ||   154
         Punch             |       |     1 |       |       ||     1
         Whip              |       |   109 |   195 |   645 ||   949
  Throw: Stone             |     8 |     5 |     9 |       ||    22
 Invoke: Recall Undead Har |       |       |     2 |     1 ||     3
         Dark Bargain      |       |       |     1 |     1 ||     2
  Evoke: Wand              |       |       |       |     2 ||     2
    Use: Potion            |       |     2 |       |     2 ||     4
         Scroll            |       |     1 |    11 |     1 ||    13
   Stab: Distracted        |       |     1 |       |     2 ||     3
 Armour: Leather armour    |   105 |   168 |    38 |       ||   311
         Ring mail         |       |       |   156 |   424 ||   580
  Dodge: Dodged            |    73 |   111 |    88 |   169 ||   441
  Block: Buckler           |       |    11 |    35 |    79 ||   125

Table legend: (Time is in decaauts)
 A = Elapsed time spent in this place.
 B = Non-inter-level travel time spent in this place.
 C = Inter-level travel time spent in this place.
 D = Time resting spent in this place.
 E = Time spent auto-exploring this place.
 F = Levels seen in this place.
 G = Mean time per level.
                   A        B        C        D        E       F      G
               +--------+--------+--------+--------+--------+-----+--------+
         Total |  13304 |  12715 |    589 |   3669 |   6115 |  11 | 1209.5 |
       Dungeon |  12312 |  11723 |    589 |   3009 |   6084 |  10 | 1231.2 |
        Bailey |    992 |    992 |      0 |    660 |     31 |   1 |  992.0 |
               +--------+--------+--------+--------+--------+-----+--------+

Top non-repeatable levels by time:
     D:9: 2140 daAuts
     D:2: 1375 daAuts
     D:6: 1323 daAuts
     D:7: 1291 daAuts
     D:1: 1230 daAuts
     D:4: 1217 daAuts
     D:5: 1076 daAuts
  Bailey: 992 daAuts
     D:8: 925 daAuts
     D:3: 910 daAuts
    D:10: 822 daAuts
